 Dungeon Crawl Stone Soup version bcrawl-1.39.1 (webtiles) character file.

Game seed: 11220084203003407491

116250 Finalfun the Cutter (level 4, -11/35 HPs)
             Began as a Demonspawn Abyssal Knight on Sept 26, 2023.
             Was a Believer of Lugonu.
             Killed by nerve-wracking pain
             ... invoked by Grinder
              (13 damage)
             ... on level 3 of the Dungeon.
             The game lasted 00:06:53 (1915 turns).

Finalfun the Cutter (Demonspawn Abyssal Knight)     Turns: 1915, Time: 00:06:54

Health: -11/35     AC: 11    Str: 14    XL:     4   Next: 5%
Magic:  6/6        EV:  6    Int: 12    God:    Lugonu [**....]
Gold:   83         SH:  0    Dex: 13    Spells: 3/3 levels left

rFire    . . .     GDR:     27% a - +0 rapier
rCold    . . .     SeeInvis .   (no shield)
rNeg     . . .     Gourm    .   q - +0 chain mail
rPois    .         Faith    .   (helmet restricted)
rElec    .         Spirit   .   g - +2 cloak
rCorr    .         Reflect  .   (no gloves)
MR       .....                  (no boots)
Stlth    ..........             (no amulet)
HPRegen  0.15/turn              (no ring)
MPRegen  0.10/turn              (no ring)

@: very slightly contaminated, invisible
A: antennae 1, powered by pain 1, rot immunity
a: Depart the Abyss, Bend Space, Banish, Renounce Religion


You were on level 3 of the Dungeon.
You worshipped Lugonu.
Lugonu was pleased with you.
You were not hungry.

You visited 1 branch of the dungeon, and saw 3 of its levels.
You visited the Abyss 1 time.

You collected 83 gold pieces.

Inventory:

Hand Weapons
 a - a +0 rapier (weapon)
Missiles
 c - 10 tomahawks of dispersal {=f}
 d - 737 stones (quivered)
Armour
 g - a +2 cloak (worn)
 q - a +0 chain mail (worn)
Jewellery
 j - a +6 ring of dexterity {unknown}
Scrolls
 h - a scroll of noise {unknown}
 i - a scroll of identify
 m - a scroll of fog {unknown}
Potions
 f - a potion of curing
 k - 3 potions of berserk rage {unknown}
 l - a potion of resistance {unknown}
 n - a potion of degeneration {unknown}
 o - a potion of invisibility
 p - a potion of agility {unknown}
 r - a potion of lignification {unknown}
 s - a potion of cancellation {unknown}
Comestibles
 b - 2 chunks of flesh
 e - 7 rations {!d}


   Skills:
 - Level 3.0 Fighting
 + Level 3.1 Short Blades
 - Level 1.0 Throwing
 - Level 2.0 Armour
 - Level 1.0 Dodging
 - Level 2.0 Stealth
 - Level 3.0 Invocations


You had 3 spell levels left.
You didn't know any spells.
Your spell library was empty.

Dungeon Overview and Level Annotations

Branches:
Dungeon (3/12)

Altars:
Dithmenos
Kikubaaqudgha
Sif Muna

Annotations:
D:3 Grinder


Innate Abilities, Weirdness & Mutations

You have a pair of small antennae on your head.
You sometimes gain a little power by taking damage.
You are immune to rotting.


Message History

Grinder barely misses you.
You hit Grinder.
Grinder is moderately wounded.
Grinder gestures at you. Pain shoots through your body!
* * * LOW HITPOINT WARNING * * *
You closely miss Grinder.
Grinder is moderately wounded.
Grinder hits you!
* * * LOW HITPOINT WARNING * * *
You writhe in agony.
* * * LOW HITPOINT WARNING * * *
You fade into invisibility!
Grinder barely misses you.
You are very lightly contaminated with residual magic.
Grinder says, "At least Makhleb appreciates what I'm doing."
Grinder is too close now for your liking.
Grinder gestures at you. Pain shoots through your body!
You die...

###############
#.....รท.........
#.......#.##....
#..###..#.## ..
#..........#.#..
#..#####@.......
#..# #..##.#..
#.<# #.###....
##.# #........
#.#####5#####..
#.......#
##.#5#### #....#
#.......


You could see Grinder.

Vanquished Creatures
  An adder (D:3)
  An ooze (D:2)
  A worm (D:2)
  2 dart slugs (D:2)
  3 leopard geckos
  2 goblins
  6 hobgoblins
  6 jackals
  7 kobolds
  2 quokkas
  A ball python (D:2)
  6 bats
  4 frilled lizards
  4 rats
46 creatures vanquished.

Notes
Turn   | Place    | Note
-------+----------+-------------------------------------------
     0 | Abyss:1  | Finalfun the Demonspawn Abyssal Knight began the quest for
                  | the Orb.
     0 | Abyss:1  | Reached XP level 1. HP: 18/18 MP: 2/2
    34 | D:1      | Escaped the Abyss
   106 | D:1      | Reached skill level 1 in Throwing
   106 | D:1      | Reached skill level 1 in Dodging
   130 | D:1      | Gained mutation: You have a pair of small antennae on your
                  | head. [demonic ancestry]
   130 | D:1      | Reached XP level 2. HP: 16/24 MP: 4/4
   199 | D:1      | Reached skill level 1 in Stealth
   762 | D:1      | Gained mutation: You are immune to rotting. [demonic
                  | ancestry]
   762 | D:1      | Reached XP level 3. HP: 29/29 MP: 5/5
   831 | D:1      | Reached ** piety under Lugonu
  1317 | D:2      | Found a shadowy altar of Dithmenos.
  1419 | D:2      | Found an ancient bone altar of Kikubaaqudgha.
  1665 | D:2      | Found a shimmering blue altar of Sif Muna.
  1869 | D:3      | Gained mutation: You sometimes gain a little power by
                  | taking damage. [demonic ancestry]
  1869 | D:3      | Reached XP level 4. HP: 33/35 MP: 6/6
  1899 | D:3      | Noticed Grinder
  1907 | D:3      | HP: 1/35 [Grinder (2)]
  1915 | D:3      | Killed from afar by Grinder

Skill      XL: |  1  2  3 |
---------------+----------+-----
Throwing       | 1 |  1.0
Dodging        | 1 |  1.0
Short Blades   | 2 3 |  3.1
Invocations    | 3 |  3.0
Armour         | 2 |  2.0
Stealth        | 2 |  2.0
Fighting       | |  3.0

Action                   |  1- 3 |  4- 6 || total
-------------------------+-------+-------++-------
Melee: Rapier            |   147 |     7 ||   154
Throw: Stone             |    23 |       ||    23
  Use: Scroll            |     1 |       ||     1
       Potion            |       |     1 ||     1
 Stab: Sleeping          |     1 |       ||     1
  Eat: Chunk             |     8 |       ||     8
Armor: Ring mail         |    70 |       ||    70
       Chain mail        |     6 |     1 ||     7
Dodge: Dodged            |    73 |     3 ||    76
